 Dungeon Crawl Stone Soup version 0.21-a0-584-g185da8e (webtiles) character file.

40 tilp the Ducker (level 3, -3/35 HPs)
             Began as a Gnoll Monk on Dec 22, 2017.
             Killed by divine providence
             ... invoked by an orc priest
              (10 damage)
             ... on level 2 of the Dungeon.
             The game lasted 00:02:06 (1035 turns).

tilp the Ducker (Gnoll Monk)                        Turns: 1035, Time: 00:02:07

Health: -3/35      AC: 11    Str: 14    XL:     3   Next: 50%
Magic:  4/4        EV:  6    Int: 12    God:
Gold:   25         SH:  0    Dex: 17    Spells: 3/3 levels left

rFire    . . .     SeeInvis .   a - +0 mace
rCold    . . .     Gourm    .   (no shield)
rNeg     . . .     Faith    .   h - +0 plate armour
rPois    .         Spirit   .   j - +0 helmet
rElec    .         Reflect  .   (no cloak)
rCorr    .         Harm     .   (no gloves)
MR       .....                  (no boots)
Stlth    ..........             (no amulet)
HPRegen  0.11/turn              (no ring)
MPRegen  0.09/turn              (no ring)

@: no status effects
A: distributed training, fangs 1, strong nose
a: no special abilities


You were on level 2 of the Dungeon.
You were not hungry.

You visited 1 branch of the dungeon, and saw 2 of its levels.

You collected 25 gold pieces.

Inventory:

Hand Weapons
 a - a +0 mace (weapon)
Armour
 h - a +0 plate armour (worn)
 j - a +0 helmet (worn)
Scrolls
 b - a scroll of remove curse {unknown}
 e - a scroll of identify {unknown}
 g - 3 scrolls of enchant weapon {unknown}
 k - a scroll of teleportation {unknown}
 l - a scroll of fog {unknown}
Potions
 f - a potion of invisibility {unknown}
 i - a potion of brilliance {unknown}
Comestibles
 c - 3 rations
 d - 2 chunks of flesh


   Skills:
 + Level 6.5 Fighting
 + Level 0.8 Short Blades
 + Level 0.8 Long Blades
 + Level 0.8 Axes
 + Level 6.5 Maces & Flails
 + Level 0.8 Polearms
 + Level 0.8 Staves
 + Level 0.8 Slings
 + Level 0.8 Bows
 + Level 0.8 Crossbows
 + Level 0.8 Throwing
 + Level 0.8 Armour
 + Level 6.5 Dodging
 + Level 4.1 Stealth
 + Level 0.8 Shields
 + Level 0.8 Unarmed Combat
 + Level 0.8 Spellcasting
 + Level 0.5 Conjurations
 + Level 0.5 Hexes
 + Level 0.5 Charms
 + Level 0.5 Summonings
 + Level 0.5 Necromancy
 + Level 0.5 Translocations
 + Level 0.5 Transmutations
 + Level 0.5 Fire Magic
 + Level 0.5 Ice Magic
 + Level 0.5 Air Magic
 + Level 0.5 Earth Magic
 + Level 0.5 Poison Magic
 + Level 1.0 Invocations
 + Level 0.8 Evocations


You had 3 spell levels left.
You didn't know any spells.

Dungeon Overview and Level Annotations

Branches:
Dungeon (2/15)

Altars:

Annotations:
D:2 Sigmund


Innate Abilities, Weirdness & Mutations

Your experience applies equally to all skills.
You have very sharp teeth.
Your uncanny sense of smell can sniff out nearby items.


Message History

You hit the orc.
The orc is moderately wounded.
The orc priest hits you but does no damage.
You hit the orc priest but do no damage.
The orc priest is moderately wounded.
The orc hits you but does no damage.
The orc priest looks encouraged for a moment.
You hit the orc priest but do no damage.
The orc priest is moderately wounded.
The orc hits you but does no damage.
The orc priest invokes the aid of Beogh against you.
Pain shoots through your body!
* * * LOW HITPOINT WARNING * * *
An orc wizard comes into view. It is wielding a dagger.
The orc wizard shouts!
The orc hits you but does no damage.
The orc wizard moves out of view.
Sigmund hits you but does no damage.
The orc priest mumbles some strange prayers to Beogh against you.
Beogh smites you!
You die...

........# #.# ........##
#(# # ..o......# #.# ..
###.####.## #.#########
.#. #...# #..###.##......#
.'..#...# ##.#...##......#
......####....####..)...##
#..o##................#.
#...#oo@................
###
###.o)o...............#.
... #...@..........)......
...
...................<..##
...
.....#..................#
...
...........(.............#
...
....................######
... ........#..........##
...
......###.#.......[....#


You could see Sigmund, an orc priest, an orc wizard and 2 orcs.

Vanquished Creatures
  An adder (D:2)
  3 dart slugs (D:1)
  A leopard gecko (D:1)
  An orc (D:2)
  3 giant cockroaches
  3 goblins
  A hobgoblin (D:1)
  A kobold (D:1)
  3 bats (D:1)
  2 frilled lizards (D:1)
  5 rats
24 creatures vanquished.

Notes
Turn   | Place    | Note
-------+----------+-------------------------------------------
     0 | D:1      | tilp the Gnoll Monk began the quest for the Orb.
     0 | D:1      | Reached XP level 1. HP: 23/23 MP: 1/1
   286 | D:1      | Reached XP level 2. HP: 25/29 MP: 2/2
   580 | D:1      | Reached XP level 3. HP: 34/35 MP: 3/3
   911 | D:2      | Noticed Sigmund
  1023 | D:2      | Reached skill level 1 in Invocations
  1035 | D:2      | Killed from afar by an orc priest

Vault maps used:
D:1:      giann_wishing_wells, minmay_crystal_room, minmay_misc_feat_rugged
D:2:      cheibrodos_old_hovel, overflow_temple_1_default,
          minmay_tiny_reverse_x, uniq_sigmund

Skill      XL: |  1  2  3 |
---------------+----------+-----
Invocations    | 1 |  1.0
Fighting       | |  6.5
Short Blades   | |  0.8
Long Blades    | |  0.8
Axes           | |  0.8
Maces & Flails | |  6.5
Polearms       | |  0.8
Staves         | |  0.8
Slings         | |  0.8
Bows           | |  0.8
Crossbows      | |  0.8
Throwing       | |  0.8
Armour         | |  0.8
Dodging        | |  6.5
Stealth        | |  4.1
Shields        | |  0.8
Unarmed Combat | |  0.8
Spellcasting   | |  0.8
Conjurations   | |  0.5
Hexes          | |  0.5
Charms         | |  0.5
Summonings     | |  0.5
Necromancy     | |  0.5
Translocations | |  0.5
Transmutations | |  0.5
Fire Magic     | |  0.5
Ice Magic      | |  0.5
Air Magic      | |  0.5
Earth Magic    | |  0.5
Poison Magic   | |  0.5
Evocations     | |  0.8

Action                   || total
-------------------------++-------
Melee: Mace              ||    82
       Bite              ||    12
 Stab: Sleeping          ||     1
Armor: Robe              ||     3
       Plate armour      ||    49
Dodge: Dodged            ||    23

Table legend:
 A = Spawn XP
 B = Non-spawn XP
 C = Spawn XP percentage of total XP
 D = Spawn monster count
 E = Non-spawn monster count
 F = Spawn count percentage of total count
 G = Total turns spent on level
                    A         B        C        D         E        F      G
               +---------+---------+-------+---------+---------+-------+---------
         Total |       0 |      58 |   0.0 |       0 |      24 |   0.0 |  1035
               +---------+---------+-------+---------+---------+-------+---------
           D:1 |       0 |      36 |   0.0 |       0 |      18 |   0.0 |   938
           D:2 |       0 |      22 |   0.0 |       0 |       6 |   0.0 |    97
               +---------+---------+-------+---------+---------+-------+---------
